 Dungeon Crawl Stone Soup version 0.30-a0-1066-g63dfefce0d (webtiles) character file.

Game seed: 6274736154399773154

438 Hubris850 the Digger (level 7, -6/36 HPs)
             Began as a Gargoyle Earth Elementalist on Apr 12, 2023.
             Mangled by Edmund
             ... wielding a +3 flail of protection
              (8 damage)
             ... on level 4 of the Dungeon.
             The game lasted 00:09:29 (3534 turns).

Hubris850 the Digger (Gargoyle Earth Elementalist)  Turns: 3534, Time: 00:09:30

Health: -6/36      AC: 10    Str: 11    XL:     7   Next: 1%
Magic:  12/12      EV: 12    Int: 18    God:
Gold:   71         SH:  0    Dex: 10    Spells: 2/12 levels left

rFire   . . .      SeeInvis .    h - +5 scythe (protect)
rCold   . . .      Faith    .    (shield currently unavailable)
rNeg    + . .      Spirit   .    a - +0 robe
rPois   ∞          Reflect  .    (no helmet)
rElec   +          Rampage  .    v - +0 cloak
rCorr   .                        f - +2 pair of gloves
Will    .....                    (no boots)
Stlth   ++                       (no amulet)
HPRegen 0.26/turn                q - ring of flight
MPRegen 0.13/turn                (no ring)

@: flying
A: sickness immunity, AC +4, negative energy resistance 1, electricity
resistance, torment resistance 1, petrification resistance
a: no special abilities


You were on level 4 of the Dungeon.
You visited 1 branch of the dungeon, and saw 5 of its levels.

You collected 71 gold pieces.

Inventory:

Hand Weapons
 d - a +0 dagger
 h - a +5 scythe of protection (weapon)
Missiles
 o - 11 poisoned darts
Armour
 a - a +0 robe (worn)
 f - a +2 pair of gloves (worn)
 i - a +0 ring mail
 v - a +0 cloak (worn)
Jewellery
 q - a ring of flight (left hand)
Wands
 l - a wand of flame (17)
 s - a wand of charming (4)
 t - a wand of mindburst (10)
Scrolls
 g - 2 scrolls of amnesia {unknown}
 p - 2 scrolls of enchant weapon {unknown}
 r - a scroll of fog {unknown}
Potions
 b - a potion of magic
 c - a potion of flight
 e - 3 potions of curing
 j - a potion of ambrosia
 k - a potion of degeneration {unknown}
 m - a potion of heal wounds {unknown}
 n - 2 potions of might {unknown}
 u - a potion of mutation


   Skills:
 * Level 2.0 Polearms
 + Level 2.9 Dodging
 - Level 3.0 Stealth
 + Level 3.3 Spellcasting
 + Level 2.5 Transmutations
 + Level 5.3 Earth Magic


You had 2 spell levels left.
You knew the following spells:

 Your Spells              Type           Power      Damage    Failure   Level
a - Sandblast             Erth           44%        2d11      1%          1
b - Passwall              Tmut/Erth      14%        N/A       4%          2
c - Stone Arrow           Conj/Erth      24%        3d8       16%         3
d - Petrify               Tmut/Erth      17%        N/A       30%         4

Your spell library contained the following spells:

 Spells                   Type           Power      Damage    Failure   Level


Dungeon Overview and Level Annotations

Branches:
Dungeon (5/15)
 Temple: D:4-7

Altars:
Cheibriados
Vehumet

Annotations:
D:4 Edmund


Innate Abilities, Weirdness & Mutations

You are immune to sickness and miasma.
Your stone body is resilient. (AC +4)
You are immune to poison.
You resist negative energy. (rN+)
You are resistant to electric shocks. (rElec)
You are resistant to unholy torment.
You are immune to petrification.


Message History

Edmund hits your iguana with a +3 flail of protection!
Your iguana barely misses the ufetubus.
The ufetubus hits you but does no damage. x2
Edmund hits your iguana with a +3 flail of protection!!
Your iguana dies!
You barely miss the ufetubus.
The ufetubus is moderately wounded.
The ufetubus barely misses you.
The ufetubus hits you but does no damage.
The ufetubus closely misses you.
The ufetubus hits you but does no damage.
Edmund hits you but does no damage.
The ufetubus hits you but does no damage.
The ufetubus misses you. The ufetubus attacks as you move away!
The ufetubus barely misses you. The ufetubus closely misses you.
Edmund hits you with a +3 flail of protection.
Aiming: Mindburst
Press: ? - help, Shift-Dir - straight line, f - Edmund
Aim: Edmund, wielding a +3 flail of protection and wearing a +0 scale mail (berserk, chance to affect: 64%) Edmund struggles to resist.
Edmund hits you with a +3 flail of protection!
Aiming: Mindburst
Press: ? - help, Shift-Dir - straight line, f/p - Edmund
Aim: Edmund, wielding a +3 flail of protection and wearing a +0 scale mail (berserk, chance to affect: 64%) Edmund struggles to resist.
Edmund closely misses you. x2
Aiming: Mindburst
Press: ? - help, Shift-Dir - straight line, f/p - Edmund
Aim: Edmund, wielding a +3 flail of protection and wearing a +0 scale mail (berserk, chance to affect: 64%) Edmund's mind is blasted.
Edmund hits you with a +3 flail of protection!
* * * LOW HITPOINT WARNING * * *
Aiming: Mindburst
Press: ? - help, Shift-Dir - straight line, f/p - Edmund
Aim: Edmund, wielding a +3 flail of protection and wearing a +0 scale mail (lightly wounded, berserk, chance to affect: 64%) Edmund's mind is blasted!!
Edmund hits you with a +3 flail of protection.
* * * LOW HITPOINT WARNING * * *
Edmund hits you with a +3 flail of protection!
You die...

#.# #########.####
##.........^...
#..#######.####
#.## #.........
####.####.........
#.......'.........
#.##.####.........
#@##.# #.........
#@##.####..)......
#5[.........###...
#)##.####...# #+..
#.##.# #...# ♣...
#.##'####...# ♣)..
#.#.........# ♣♣)♣
#.#...#####.# ♣)♣♣
#.....'.# #.# ♣♣)♣


You could see Edmund (berserk) and an ufetubus.

Vanquished Creatures
  Sigmund (D:2)
  A howler monkey (D:4)
  Crazy Yiuf (D:4)
  An iguana (D:3)
  A sleepcap (D:4)
  Terence (D:3)
  An orc wizard (D:4)
  A mummy (D:3)
  2 adders (D:3)
  A worm (D:2)
  3 dart slugs
  3 orcs
  3 bats
  6 endoplasms
  4 giant cockroaches
  6 goblins
  8 hobgoblins
  2 jackals (D:1)
  6 quokkas
  4 ball pythons
  A frilled lizard (D:1)
  5 kobolds
  6 rats
68 creatures vanquished.

Vanquished Creatures (others)
  An iguana (D:4)
1 creature vanquished.

Grand Total: 69 creatures vanquished

Notes
Turn   | Place    | Note
-------+----------+-------------------------------------------
     0 | D:1      | Hubris850 the Gargoyle Earth Elementalist began the quest
                  | for the Orb.
     0 | D:1      | Reached XP level 1. HP: 10/10 MP: 3/3
    55 | D:1      | Reached skill level 1 in Transmutations
    55 | D:1      | Reached XP level 2. HP: 8/15 MP: 0/5
   502 | D:1      | Reached XP level 3. HP: 19/19 MP: 4/6
   505 | D:1      | Learned a level 2 spell: Passwall
   509 | D:1      | Learned a level 3 spell: Stone Arrow
   652 | D:1      | Reached skill level 4 in Earth Magic
  1444 | D:2      | Noticed Sigmund
  1451 | D:2      | Gained mutation: You have a somewhat thin skeletal
                  | structure. (Dex +2, Stealth+) [potion of mutation]
  1451 | D:2      | Lost mutation: You have a somewhat thin skeletal structure.
                  | (Dex +2, Stealth+) [potion of mutation]
  1469 | D:2      | Killed Sigmund
  1470 | D:2      | Reached XP level 4. HP: 23/24 MP: 2/8
  1470 | D:2      | Reached XP level 5. HP: 27/28 MP: 2/9
  1882 | D:3      | Reached skill level 5 in Earth Magic
  1993 | D:3      | Found a radiant altar of Vehumet.
  1994 | D:3      | Noticed Terence
  2010 | D:3      | Killed Terence
  2011 | D:3      | Reached XP level 6. HP: 29/32 MP: 10/10
  2020 | D:3      | Learned a level 4 spell: Petrify
  2191 | D:3      | Reached skill level 1 in Polearms
  2606 | D:3      | Found a snail-covered altar of Cheibriados.
  3074 | D:4      | Found a runed translucent door.
  3075 | D:4      | Noticed Crazy Yiuf
  3081 | D:4      | Killed Crazy Yiuf
  3383 | D:5      | Entered Level 5 of the Dungeon
  3410 | D:5      | Noticed Edmund
  3424 | D:4      | Reached XP level 7. HP: 10/36 MP: 12/12
  3534 | D:4      | Mangled by Edmund

Illustrated notes

Levels and vault maps discovered:
D:1:      lemuel_arrival_funnel, layout_basic
D:2:      layout_basic, uniq_sigmund
D:3:      layout_basic, vehumet_altar_wand_db, slow_altar_2, uniq_terence
D:4:      layout_basic, uniq_crazy_yiuf_cottage
D:5:      layout_basic, nicolae_qazlal_eye_of_the_storm,
          gammafunk_temple_overflow_statue, gammafunk_ghost_smash, uniq_edmund

Skill      XL: |  1  2  3  4  5  6 |
---------------+-------------------+-----
Transmutations | 1 2 |  2.5
Earth Magic    | 4 5 |  5.3
Dodging        | 2 |  2.9
Stealth        | 3 |  3.0
Spellcasting   | 3 |  3.3
Polearms       | 2 |  2.0

Action                     |  1- 3 |  4- 6 |  7- 9 || total
---------------------------+-------+-------+-------++-------
  Melee: Unarmed           |     6 |       |       ||     6
         Dagger            |    18 |       |       ||    18
         Punch             |     1 |       |       ||     1
         Halberd           |       |    83 |     2 ||    85
   Cast: Sandblast         |    47 |     3 |       ||    50
         Passwall          |     1 |     1 |       ||     2
  Evoke: Wand              |       |       |     6 ||     6
    Use: Potion            |     4 |       |       ||     4
         Scroll            |       |     1 |       ||     1
   Stab: Sleeping          |     1 |    11 |       ||    12
 Armour: Robe              |     7 |    27 |    14 ||    48
  Dodge: Dodged            |    24 |    40 |    22 ||    86

Table legend: (Time is in decaauts)
 A = Elapsed time spent in this place.
 B = Non-inter-level travel time spent in this place.
 C = Inter-level travel time spent in this place.
 D = Time resting spent in this place.
 E = Time spent auto-exploring this place.
 F = Levels seen in this place.
 G = Mean time per level.
                   A        B        C        D        E       F      G
               +--------+--------+--------+--------+--------+-----+--------+
         Total |   3596 |   3489 |    107 |    168 |   2762 |   5 |  719.2 |
       Dungeon |   3596 |   3489 |    107 |    168 |   2762 |   5 |  719.2 |
               +--------+--------+--------+--------+--------+-----+--------+

Top non-repeatable levels by time:
     D:1: 1093 daAuts
     D:3: 911 daAuts
     D:2: 797 daAuts
     D:4: 762 daAuts
     D:5: 32 daAuts
